[Event "*** SCC Grand Prix: Titled Tuesday Blitz"]
[Site "Chess.com"]
[Date "2020.10.13"]
[Round "3"]
[White "BigAl"]
[Black "Roza_Idrisova"]
[Result "1-0"]
[WhiteElo "2504"]
[BlackElo "2168"]
[TimeControl "180+1"]
[EndTime "10:28:46 PDT"]
[Termination "BigAl won on time"]

1. e4 c6 2. d4 d5 3. Nc3 a6 4.
h3 g6 5. Nf3 Bg7 6. a4 dxe4 7.
Nxe4 Nf6 8. Bd3 O-O 9. O-O Nbd7 10. Bg5 Nxe4 11. Bxe4 Nf6 12. Bd3 h6 13. Bf4 Nd5 14. Be5 Be6 15. Re1 Bxe5 16. Nxe5 Nf4 17. Bf1 Kg7 18. Qd2 g5 19. Rad1 Bf5 20. c4 e6 21.
Qc3 f6 22. Nf3 Re8 23. Kh2 Qc7 24. g3 Ng6 25. a5 h5 26. d5 cxd5 27. Nxg5 Ne5 28. f4 Nxc4 29. b3 e5 30. bxc4 d4 31. Qf3 fxg5 32. fxe5 Kg6 33. Rxd4 Rxe5 34. Rxe5 Qxe5 35.
Rd5 Qe4 36. Rxf5 Qxf5 37. Bd3 Rf8 38. g4 1-0

[Event "*** SCC Grand Prix: Titled Tuesday Blitz"]
[Site "Chess.com"]
[Date "2020.10.13"]
[Round "3"]
[White "natelleka"]
[Black "Unknown_IM"]
[Result "0-1"]
[WhiteElo "2179"]
[BlackElo "2348"]
[TimeControl "180+1"]
[EndTime "10:28:46 PDT"]
[Termination "Unknown_IM won on time"]

1. e4 e5 2. Nf3 Nc6 3. Bb5 a6 4. Ba4 Nf6 5. O-O Be7 6. Re1 b5 7.
Bb3 d6 8. c3 O-O 9. h3 Nb8 10.
d4 Nbd7 11. Nbd2 Bb7 12. d5 c6 13. dxc6 Bxc6 14. Nh4 Nc5 15. Nf5 Nd3 16. Re3 Nf4 17. Rg3 g6 18. f3 Kh8 19. Nxe7 Qxe7 20. Nf1 N6h5 21. Bxf4 exf4 22. Qd4+ Qe5 23. Rg4 Nf6 24.
Rd1 Nxg4 25. hxg4 Rad8 26. Nd2 Qxd4+ 27. cxd4 d5 28. e5 f6 29. exf6 Rxf6 30. Re1 Rdd6 31.
Re7 Rfe6 32. Ra7 Re1+ 33. Kf2 Rde6 34. Ne4 Re3 0-1

[Event "*** SCC Grand Prix: Titled Tuesday Blitz"]
[Site "Chess.com"]
[Date "2020.10.13"]
[Round "3"]
[White "OlympusMons95"]
[Black "Artem_Sadovsky"]
[Result "1-0"]
[WhiteElo "2721"]
[BlackElo "2506"]
[TimeControl "180+1"]
[EndTime "10:28:47 PDT"]
[Termination "OlympusMons95 won by resignation"]

1. d4 g6 2. e4 Bg7 3. c4 d6 4. Nc3 e5 5. dxe5 dxe5 6. Qxd8+ Kxd8 7. f4 Nc6 8. Nf3 Nd4 9. Kf2 Nxf3 10. gxf3 Be6 11.
h4 c6 12. h5 Kc7 13. Be3 Rd8 14. Be2 Ne7 15. Rac1 Kb8 16. h6 Bf6 17. fxe5 Bxe5 18. f4 Bd4 19. Rcd1 Bxe3+ 20. Kxe3 Kc7 21. b3 Rxd1 22. Nxd1 Rd8 23. Nf2 c5 24. Nd3 b6 25.
Ne5 f6 26. Nf3 Nc6 27. Rg1 Nd4 28. Nxd4 Rxd4 29. Bd3 Bf7 30. f5 g5 31. e5 Rh4 32.
exf6 Rxh6 33. Rxg5 Rxf6 34. Kf4 Kd6 35. Be4 h6 36. Rg1 Ke7 37. Ke5 Rd6 38. Rg7 1-0

[Event "*** SCC Grand Prix: Titled Tuesday Blitz"]
[Site "Chess.com"]
[Date "2020.10.13"]
[Round "3"]
[White "MrChampion_Coach"]
[Black "biostatistician"]
[Result "0-1"]
[WhiteElo "2351"]
[BlackElo "2562"]
[TimeControl "180+1"]
[EndTime "10:28:47 PDT"]
[Termination "biostatistician won by checkmate"]

1. d4 Nf6 2. c4 g6 3. Nc3 Bg7 4. e4 d6 5. f4 O-O 6. Nf3 Na6 7. Bd3 e5 8. fxe5 dxe5 9. d5 Nc5 10.
Bc2 Qe7 11. O-O a5 12. Bg5 h6 13. Bh4 Bd7 14. Qd2 g5 15. Nxg5 hxg5 16. Bxg5 Qd6 17. Qf2 Nh7 18. Be3 b6 19. Ne2 Kh8 20. Ng3 Rg8 21.
Qxf7 Raf8 22. Qh5 Be8 23. Qh3 Bd7 24. Qh4 Bf6 25. Qh6 Be7 26. Qxd6 cxd6 27. a3 a4 28. Nf5 Bxf5 29. exf5 Bg5 30. Bxc5 bxc5 31. Bxa4 Rb8 32. Ra2 Nf6 33. g3 Kg7 34. b3 Be3+ 35. Kg2 Bd4 36. Re1 Kf7 37. Rae2 Rg5 38. Rf1 Rh8 39. h3 Nh5 40. Kf3 Rxg3+ 41. Ke4 Nf6# 0-1

[Event "*** SCC Grand Prix: Titled Tuesday Blitz"]
[Site "Chess.com"]
[Date "2020.10.13"]
[Round "3"]
[White "MathiasWomacka"]
[Black "ajedrezhoy"]
[Result "0-1"]
[WhiteElo "2493"]
[BlackElo "2252"]
[TimeControl "180+1"]
[EndTime "10:28:47 PDT"]
[Termination "ajedrezhoy won on time"]

1. e4 Nf6 2. e5 Nd5 3. d4 d6 4. c4 Nb6 5. exd6 cxd6 6. Nc3 g6 7.
Be3 Bg7 8. Rc1 O-O 9. b3 Bf5 10. Nf3 d5 11. c5 Nc8 12. h3 Nc6 13. Be2 Be4 14. Ng5 Bxg2 15. Rg1 Be4 16. Ngxe4 dxe4 17. d5 Bxc3+ 18. Rxc3 Nb4 19. Bc4 b5 20.
cxb6 Nxb6 21. Rg5 f6 22. Rg3 f5 23. a3 Nxc4 24. bxc4 Nd3+ 25. Rxd3 exd3 26. Bh6 Rf6 27. Qxd3 Qd6 28. Kf1 f4 29. Rg5 e5 30. Qe4 Re8 31. h4 Qxa3 0-1

[Event "*** SCC Grand Prix: Titled Tuesday Blitz"]
[Site "Chess.com"]
[Date "2020.10.13"]
[Round "3"]
[White "Brave_spirit12"]
[Black "gumimis"]
[Result "1-0"]
[WhiteElo "2479"]
[BlackElo "2241"]
[TimeControl "180+1"]
[EndTime "10:28:48 PDT"]
[Termination "Brave_spirit12 won by checkmate"]

1. e4 c5 2. c3 d5 3. exd5 Qxd5 4. Nf3 Nf6 5. d4 Bg4 6. Be2 e6 7. O-O Nc6 8. Be3 cxd4 9. Nxd4 Bxe2 10. Qxe2 Bc5 11.
Nb5 O-O-O 12. N1a3 a6 13. Rfd1 Qf5 14. Nd4 Nxd4 15.
cxd4 Bxa3 16. bxa3 Kb8 17. Rab1 Ka8 18. Rb6 Qa5 19.
Rdb1 Rd7 20. Bd2 Qxa3 21. Bb4 Qa4 22. Bc5 Nd5 23. R6b3 Rc8 24. Qb2 Qc6 25. Ra3 Nc7 26. Rb3 Nb5 27. a4 Nd6 28. Rb6 Qd5 29. Bxd6 Rxd6 30. Rxd6 Qxd6 31. Qxb7# 1-0

[Event "*** SCC Grand Prix: Titled Tuesday Blitz"]
[Site "Chess.com"]
[Date "2020.10.13"]
[Round "3"]
[White "vlad_Sid"]
[Black "GM_Huschenbeth"]
[Result "1-0"]
[WhiteElo "2584"]
[BlackElo "2359"]
[TimeControl "180+1"]
[EndTime "10:28:49 PDT"]
[Termination "vlad_Sid won by checkmate"]

1. c4 Nf6 2. g3 e5 3. Bg2 h5 4. h4 d5 5. cxd5 Nxd5 6. Nc3 Nb6 7. Nf3 Nc6 8. O-O Be7 9. d3 O-O 10. Be3 Bg4 11. Rc1 Re8 12. Ne4 Nd4 13. Bxd4 exd4 14.
Nc5 Bxc5 15. Rxc5 Qd6 16. Rc2 Re7 17. Ng5 Rae8 18. Bf3 Bxf3 19. exf3 Qb4 20. f4 g6 21. Qf3 c6 22. f5 Nd5 23. Ne4 Qa5 24. Rc5 Qxa2 25.
Rxd5 cxd5 26. Nf6+ Kg7 27. Nxe8+ Rxe8 28. fxg6 fxg6 29.
Rc1 Re7 30. Rc8 Rf7 31. Qe2 Qa6 32. Qe8 Kf6 33. Qh8+ Kf5 34. Qxd4 Qe6 35. Qf4# 1-0

[Event "*** SCC Grand Prix: Titled Tuesday Blitz"]
[Site "Chess.com"]
[Date "2020.10.13"]
[Round "3"]
[White "FMalexhdez"]
[Black "akanga001"]
[Result "1-0"]
[WhiteElo "2257"]
[BlackElo "1839"]
[TimeControl "180+1"]
[EndTime "10:28:49 PDT"]
[Termination "FMalexhdez won on time"]

1. e4 c6 2. d4 d5 3. exd5 cxd5 4. Bd3 Nc6 5. c3 Nf6 6. Bg5 e6 7. Nd2 Be7 8. Ngf3 O-O 9. O-O Qc7 10. Re1 Nh5 11. Bxe7 Nxe7 12. Ne5 Nf4 13. Bf1 Nfg6 14. Ndf3 Nxe5 15. Nxe5 Ng6 16. Qh5 Nxe5 17. Rxe5 f6 18. Re3 g6 19. Qh4 e5 20. dxe5 fxe5 21. Rae1 e4 22. c4 Be6 23. g3 Rae8 24. Bg2 Qxc4 25. Rc3 Qxa2 26. Rc7 Rf7 27. Rec1 Ref8 28. R7c2 b5 29. Qg5 Qa6 30. Rc6 Qa4 31. Rxe6 Rxf2 32.
Qxd5 Kh8 33. Rxe4 Qa5 34. Qd4+ Kg8 35. Re7 1-0

[Event "*** SCC Grand Prix: Titled Tuesday Blitz"]
[Site "Chess.com"]
[Date "2020.10.13"]
[Round "3"]
[White "PhileKhoob"]
[Black "Fischerev7"]
[Result "1-0"]
[WhiteElo "2496"]
[BlackElo "2242"]
[TimeControl "180+1"]
[EndTime "10:28:50 PDT"]
[Termination "PhileKhoob won on time"]

1. Nf3 Nf6 2. g3 e6 3. Bg2 d5 4. O-O Be7 5. c4 O-O 6. b3 b6 7.
Bb2 c5 8. e3 Bb7 9. Nc3 Nc6 10.
cxd5 exd5 11. d4 Rc8 12. Rc1 Ba6 13. Re1 Nb4 14. Ne5 cxd4 15. exd4 Bb7 16. a3 Nc6 17.
Qd2 h6 18. b4 a6 19. Re2 Re8 20. Rce1 Bf8 21. Bh3 Rc7 22. b5 axb5 23. Nxb5 Rce7 24. f4 Ne4 25. Qc2 Na5 26. Qa4 Qa8 27. Nd7 Qa6 28. Nc7 Bc6 29. Qd1 Qb7 30. Nxe8 Bxd7 31. Nd6 Nxd6 32. Rxe7 Bxh3 33. Rxb7 1-0

[Event "*** SCC Grand Prix: Titled Tuesday Blitz"]
[Site "Chess.com"]
[Date "2020.10.13"]
[Round "3"]
[White "nrvisakh"]
[Black "Legendinunknown"]
[Result "1-0"]
[WhiteElo "2812"]
[BlackElo "2604"]
[TimeControl "180+1"]
[EndTime "10:28:51 PDT"]
[Termination "nrvisakh won by resignation"]

1. e4 e5 2. Nf3 Nc6 3. Bb5 a6 4.
Ba4 Nf6 5. d3 d6 6. O-O g6 7. d4 Bd7 8. Re1 Bg7 9. c3 O-O 10. Bc2 Bg4 11. d5 Ne7 12. Nbd2 Nh5 13. h3 Bd7 14. Nf1 h6 15. N3h2 Qe8 16. c4 f5 17.
exf5 gxf5 18. Ng3 Nxg3 19. fxg3 Ng6 20. Qh5 Ne7 21. Qe2 b5 22. b3 bxc4 23. bxc4 c6 24. g4 cxd5 25. cxd5 e4 26. Rb1 Rc8 27. gxf5 Nxf5 28.
Bb2 Ng3 29. Qd2 Qg6 30. Re3 Bxb2 31. Rxb2 Bb5 32. Rb1 Rce8 33. Rbe1 Re5 34. Ng4 Rg5 35. Rxg3 h5 36. Bxe4 Qg7 37. Nh6+ 1-0

[Event "*** SCC Grand Prix: Titled Tuesday Blitz"]
[Site "Chess.com"]
[Date "2020.10.13"]
[Round "3"]
[White "ajdemipopushi"]
[Black "Vision_64"]
[Result "1-0"]
[WhiteElo "2353"]
[BlackElo "2196"]
[TimeControl "180+1"]
[EndTime "10:28:51 PDT"]
[Termination "ajdemipopushi won on time"]

1. Nf3 Nf6 2. g3 b6 3. Bg2 Bb7 4. O-O c5 5. c4 e6 6. Nc3 Be7 7. Re1 O-O 8. e4 d6 9. d4 cxd4 10. Nxd4 a6 11. e5 dxe5 12. Bxb7 exd4 13. Bxa8 dxc3 14.
Bf3 Qc7 15. bxc3 Qxc4 16. Qb3 Qc7 17. Bf4 Qc5 18. Be3 Qf5 19. Bg2 b5 20. a4 Nbd7 21.
axb5 axb5 22. Ra5 h6 23. Rxb5 Qg6 24. Bd4 Ng4 25. Rb7 Nc5 26. Bxc5 Bxc5 27. Re2 Qf6 28. Qc2 Ra8 29. Rb1 Rd8 30. h3 Ne5 31. Rd1 Rb8 32. Qe4 Ng6 33. Rd7 Qxc3 34. Rxf7 Kxf7 35.
Qxe6+ Kf8 36. Qxg6 Qf6 37. Qe4 1-0

[Event "*** SCC Grand Prix: Titled Tuesday Blitz"]
[Site "Chess.com"]
[Date "2020.10.13"]
[Round "3"]
[White "grunbergmihai"]
[Black "As0nchess"]
[Result "0-1"]
[WhiteElo "2412"]
[BlackElo "2620"]
[TimeControl "180+1"]
[EndTime "10:28:52 PDT"]
[Termination "As0nchess won by checkmate"]

1. Nf3 c5 2. c4 Nc6 3. g3 g6 4. Bg2 Bg7 5. O-O d6 6. Nc3 Bf5 7. d3 Qd7 8. Rb1 Nf6 9. a3 Bh3 10. b4 Bxg2 11. Kxg2 O-O 12. Bg5 b6 13. Qd2 Rfe8 14.
Bh6 Bh8 15. Nd5 Nxd5 16. cxd5 Nd4 17. Nxd4 cxd4 18. Rfc1 Rac8 19. Rxc8 Rxc8 20. Rc1 Rc3 21. Qb2 Qb5 22. e4 Qxd3 23. Re1 Rc2 24. Qb1 Qc3 25. h4 d3 26. Rd1 Bd4 27. Rf1 f6 28. Qd1 Kf7 29. Qg4 Qc8 30. Qf3 Rc3 31. Rd1 Rxa3 32.
Rxd3 Rxd3 33. Qxd3 Qc3 34. Qe2 Ke8 35. Qg4 Qc2 36.
Kh3 Bxf2 37. Qe6 Bg1 38. Qg8+ Kd7 39. Qe6+ Kd8 40. Qg8+ Kc7 41. Qxh7 Qxe4 42. Bf4 f5 43. g4 Qh1+ 44. Kg3 Qh2+ 45. Kf3 Qf2# 0-1

[Event "*** SCC Grand Prix: Titled Tuesday Blitz"]
[Site "Chess.com"]
[Date "2020.10.13"]
[Round "3"]
[White "Khnykin_Nikolay"]
[Black "CrazyMartian"]
[Result "1-0"]
[WhiteElo "2055"]
[BlackElo "2282"]
[TimeControl "180+1"]
[EndTime "10:28:52 PDT"]
[Termination "Khnykin_Nikolay won by resignation"]

1. e4 c5 2. d4 cxd4 3. c3 Nf6 4.
e5 Nd5 5. cxd4 Nc6 6. Bc4 Nb6 7.
Bb3 d6 8. e6 fxe6 9. Nf3 Nd5 10. Nh4 g6 11. O-O Bg7 12. Re1 O-O 13. Be3 Nxe3 14.
fxe3 d5 15. Nc3 Bd7 16. Qg4 Qe8 17. Rf1 Kh8 18. Qg3 Bf6 19. Ne2 Na5 20. Bc2 Qf7 21. b3 Qg7 22. Nf4 Nc6 23. Qh3 g5 24. Nhg6+ Kg8 25. Nxe6 Bxe6 26. Qxe6+ Rf7 27. Ne5 Bxe5 28. dxe5 Nxe5 29. Rf5 Rf8 30. Rxe5 Kh8 31. Re1 Rf6 32. Qxd5 Qh6 33. Rxg5 Rf2 34. Rh5 Qg7 35. Rxh7+ Qxh7 36. Bxh7 Kxh7 37. Qh5+ Kg7 38. Qg5+ Kh7 39. Qh4+ 1-0

[Event "*** SCC Grand Prix: Titled Tuesday Blitz"]
[Site "Chess.com"]
[Date "2020.10.13"]
[Round "3"]
[White "MFBerna"]
[Black "doons21"]
[Result "1-0"]
[WhiteElo "2399"]
[BlackElo "2563"]
[TimeControl "180+1"]
[EndTime "10:28:53 PDT"]
[Termination "MFBerna won by checkmate"]

1. e4 e6 2. d4 d5 3. Nd2 Nc6 4.
Ngf3 Nf6 5. Bd3 Nb4 6. e5 Nxd3+ 7.
cxd3 Nd7 8. O-O b6 9. Qe2 Ba6 10. Re1 Be7 11. Nf1 c5 12. Be3 cxd4 13. Bxd4 Nc5 14.
Red1 Rc8 15. Qe3 O-O 16. Rac1 Qd7 17. Ng3 Qb5 18. Rc3 Na4 19. Rb3 Qd7 20. h4 Rc2 21.
h5 h6 22. Ne1 Rc6 23. Ne2 Rfc8 24. f4 Qe8 25. Qf2 f5 26. exf6 Bxf6 27. Qe3 Qxh5 28. Nf3 Qf7 29. Ra3 Nc5 30. Ne5 Bxe5 31. Qxe5 Bxd3 32. Raxd3 Nxd3 33. Rxd3 Qf6 34. Rg3 Qxe5 35.
Bxe5 Rc2 36. Rxg7+ Kf8 37. Nd4 Rd2 38. Nxe6+ Ke8 39.
Bf6 Rc1+ 40. Kh2 Rcc2 41. Re7# 1-0

[Event "*** SCC Grand Prix: Titled Tuesday Blitz"]
[Site "Chess.com"]
[Date "2020.10.13"]
[Round "3"]
[White "pirulillo"]
[Black "shriyanasmallya"]
[Result "1/2-1/2"]
[WhiteElo "2246"]
[BlackElo "1612"]
[TimeControl "180+1"]
[EndTime "10:28:53 PDT"]
[Termination "Game drawn by repetition"]

1. e4 e5 2. Bc4 Nc6 3. d3 Nf6 4. Nc3 Bb4 5. Ne2 d6 6. O-O O-O 7. f4 Bc5+ 8. Kh1 exf4 9. Bxf4 Nd4 10. Nxd4 Bxd4 11. Bg5 h6 12. Bh4 g5 13. Bg3 Bg4 14. Qd2 Nh5 15. Bf2 Bxf2 16. Rxf2 Nf4 17. Raf1 c6 18.
g3 Ne6 19. Rf6 Kg7 20. Ne2 Bxe2 21. Qxe2 Qxf6 22. Rxf6 Kxf6 23. c3 Kg6 24. Bb3 Nc5 25. Bc2 Kg7 26. d4 Nd7 27. Qf3 f6 28. Qf5 Rf7 29. Qe6 Nf8 30. Qxd6 Rd7 31. Qc5 Ne6 32. Qf5 Re8 33. e5 fxe5 34. Qh7+ Kf8 35. Qxd7 exd4 36. cxd4 Re7 37. Qd6 Kf7 38. Bb3 Kf6 39. d5 cxd5 40.
Bxd5 b6 41. Kg2 Kf7 42. h4 gxh4 43. gxh4 Kf6 44. Kg3 Rg7+ 45. Kh2 Re7 46. Kg3 Kf7 47. Kf3 Kf6 48. Kg3 1/2-1/2

[Event "*** SCC Grand Prix: Titled Tuesday Blitz"]
[Site "Chess.com"]
[Date "2020.10.13"]
[Round "3"]
[White "iwanyu"]
[Black "sjam6687"]
[Result "1-0"]
[WhiteElo "2802"]
[BlackElo "2549"]
[TimeControl "180+1"]
[EndTime "10:28:54 PDT"]
[Termination "iwanyu won by resignation"]

1. e4 e5 2. Nf3 Nc6 3. d4 exd4 4.
Nxd4 Bc5 5. Nf3 Nf6 6. Nc3 O-O 7. Be2 d6 8. O-O Bg4 9. h3 Bh5 10. Bg5 h6 11. Bh4 Re8 12. Nd2 Bxe2 13. Qxe2 Nd4 14. Qd3 g5 15. Bg3 Nd7 16. Nb3 Nxb3 17. axb3 Ne5 18.
Qd1 Re6 19. Kh2 Ng6 20. Qd5 c6 21. Qd3 Qe7 22. f3 Ne5 23. Qd2 Kg7 24. Na4 Rd8 25.
Nxc5 dxc5 26. Qc3 b6 27. f4 gxf4 28. Rxf4 Rd4 29. Raf1 f6 30. Bh4 Nd7 31. Qg3+ Kh7 32. c3 Rdd6 33. Rg4 Ne5 34. Rg8 Qf7 35. Ra8 Ng6 36.
e5 Rxe5 37. Qg4 f5 38. Bg3 Re4 39. Qxe4 Rf6 40. Qe8 f4 41. Qxf7+ Rxf7 42. Bf2 Ne5 43.
Rd1 f3 44. g4 Re7 45. Kg3 Kg6 46. Re1 Kf6 47. b4 1-0

[Event "*** SCC Grand Prix: Titled Tuesday Blitz"]
[Site "Chess.com"]
[Date "2020.10.13"]
[Round "3"]
[White "bugsbunny444"]
[Black "MITerryble"]
[Result "0-1"]
[WhiteElo "2469"]
[BlackElo "2920"]
[TimeControl "180+1"]
[EndTime "10:28:54 PDT"]
[Termination "MITerryble won on time"]

1. Nf3 Nf6 2. c4 e6 3. g3 c5 4. Bg2 Qc7 5. O-O b6 6. b3 Bb7 7. Bb2 Be7 8. Nc3 a6 9. e3 O-O 10. d4 d6 11. d5 exd5 12. Nh4 dxc4 13. Nf5 Bxg2 14. Kxg2 Qb7+ 15. e4 Re8 16. bxc4 Nc6 17. Nd5 Nxd5 18. cxd5 Nd4 19. Nxd4 cxd4 20. Bxd4 Bf8 21.
Qg4 g6 22. Rfc1 f5 23. exf5 Qxd5+ 24. f3 Re2+ 25. Kh3 Rae8 26. Rc7 b5 27. fxg6 h5 28. Qd7 R8e7 0-1

[Event "*** SCC Grand Prix: Titled Tuesday Blitz"]
[Site "Chess.com"]
[Date "2020.10.13"]
[Round "3"]
[White "aisha_zakirova"]
[Black "AsaHoffmann"]
[Result "0-1"]
[WhiteElo "2165"]
[BlackElo "2334"]
[TimeControl "180+1"]
[EndTime "10:28:54 PDT"]
[Termination "AsaHoffmann won on time"]

1. d4 Nf6 2. c4 c5 3. d5 e5 4. Nc3 d6 5. e4 Be7 6. Nf3 Nbd7 7. Be2 Nf8 8. O-O Ng6 9. a3 O-O 10.
b4 b6 11. Rb1 Nh5 12. Nxe5 Nxe5 13. Bxh5 Nxc4 14. Be2 Ne5 15. f4 Ng6 16. bxc5 bxc5 17. Kh1 Bf6 18. Bd2 Re8 19. Qc2 Bd7 20. Rb7 Qc8 21.
Rfb1 Bg4 22. Bd3 c4 23. Bf1 Bd4 24. h3 Bd7 25. R7b4 Qd8 26. Rxc4 Bb6 27. Na4 Bxa4 28.
Qxa4 Qh4 29. e5 Qf2 30. Bd3 Qxd2 31. Bxg6 hxg6 32. Qd7 Qxd5 33. Rbc1 Rad8 34. Qg4 dxe5 35. fxe5 Qxe5 36. Rf1 Qe6 37. Qh4 Rc8 38. Rcf4 Rc7 39.
Qg3 Bc5 40. R4f3 Bd6 41. Qf2 Qe5 0-1

[Event "*** SCC Grand Prix: Titled Tuesday Blitz"]
[Site "Chess.com"]
[Date "2020.10.13"]
[Round "3"]
[White "JRenatoMaranhao"]
[Black "Sueetin"]
[Result "0-1"]
[WhiteElo "1925"]
[BlackElo "2259"]
[TimeControl "180+1"]
[EndTime "10:28:54 PDT"]
[Termination "Sueetin won on time"]

1. d4 Nf6 2. Bf4 b6 3. e3 Bb7 4. Nf3 g6 5. c4 Bg7 6. Nc3 d6 7. h3 Nbd7 8. Be2 O-O 9. O-O Re8 10.
Rc1 e5 11. Bg5 h6 12. Bh4 e4 13. Nd2 g5 14. Bg3 Nf8 15. Qc2 Ng6 16. Rfd1 Qe7 17.
Nd5 Nxd5 18. cxd5 Rac8 19. Bb5 Rf8 20. Bc6 Bxc6 21. Qxc6 f5 22. Nf1 f4 23. Bh2 Qf7 24.
Rd2 h5 25. Rc3 f3 26. g4 hxg4 27. hxg4 Bf6 28. Ng3 Qh7 29. Nh5 Ne7 30. Qb7 Nf5 31. Nxf6+ Rxf6 32. Qxc8+ Rf8 33. Qxc7 Qh3 34. Qh7+ Kxh7 35.
Rc7+ Kg8 0-1

[Event "*** SCC Grand Prix: Titled Tuesday Blitz"]
[Site "Chess.com"]
[Date "2020.10.13"]
[Round "3"]
[White "FairChess_on_YouTube"]
[Black "Lagmantr"]
[Result "1-0"]
[WhiteElo "3001"]
[BlackElo "2720"]
[TimeControl "180+1"]
[EndTime "10:28:55 PDT"]
[Termination "FairChess_on_YouTube won by resignation"]

1. e4 c6 2. Nf3 d5 3. exd5 cxd5 4.
Ne5 Nc6 5. d4 Qb6 6. c3 Nf6 7. Bd3 Nxe5 8. dxe5 Nd7 9. Qe2 Nc5 10.
O-O Nxd3 11. Qxd3 e6 12. Be3 Bc5 13. Bxc5 Qxc5 14. Nd2 Bd7 15. Nb3 Qc4 16. Qg3 O-O-O 17. Rfd1 h5 18. Rd4 Qc7 19. Rf4 h4 20. Qe3 f6 21.
exf6 e5 22. fxg7 exf4 23. gxh8=Q fxe3 24. Qxh4 exf2+ 25. Qxf2 a6 26. Nd4 Rh8 27. Qg3 Qb6 28. b4 Re8 29. Re1 Rf8 30. h3 Qf6 31. Kh2 Rh8 32. Qe5 Qf8 33. Rf1 Qg8 34. Rf3 Rh6 35.
Qe7 Rg6 36. Rf8+ 1-0

[Event "*** SCC Grand Prix: Titled Tuesday Blitz"]
[Site "Chess.com"]
[Date "2020.10.13"]
[Round "3"]
[White "BillieKimbah"]
[Black "ENajer77"]
[Result "1-0"]
[WhiteElo "2936"]
[BlackElo "2703"]
[TimeControl "180+1"]
[EndTime "10:28:56 PDT"]
[Termination "BillieKimbah won on time"]

1. c4 e5 2. Nc3 Nf6 3. Nf3 Nc6 4. d3 d5 5. cxd5 Nxd5 6. e4 Nb6 7. Be2 Be7 8. O-O Be6 9. Be3 O-O 10. a4 a5 11. Nb5 Qd7 12. d4 exd4 13. Nfxd4 Nxd4 14. Nxd4 Nc4 15. Nxe6 Qxe6 16. Bxc4 Qxc4 17. Rc1 Qxe4 18. Rxc7 Rac8 19. Qd7 Rxc7 20. Qxc7 Bb4 21. Rd1 h6 22. h3 Re8 23. Rd7 Qb1+ 24. Kh2 Qxb2 25.
Bd4 Qd2 26. Bxg7 Qxf2 27. Bd4 Qh4 28. Be5 Qg5 29. Bf4 Qf5 30. Bg3 h5 31. Qxb7 Bf8 32. Rd5 Qg6 33. Qb5 Bg7 34. Qxe8+ 1-0

[Event "*** SCC Grand Prix: Titled Tuesday Blitz"]
[Site "Chess.com"]
[Date "2020.10.13"]
[Round "3"]
[White "novocane"]
[Black "PattyCastillo"]
[Result "1-0"]
[WhiteElo "2273"]
[BlackElo "2003"]
[TimeControl "180+1"]
[EndTime "10:28:57 PDT"]
[Termination "novocane won on time"]

1. d4 d5 2. c4 c6 3. cxd5 cxd5 4. Bf4 Nf6 5. Nc3 e6 6. e3 Bd6 7. Bxd6 Qxd6 8. f4 O-O 9. Nf3 a6 10. Bd3 b5 11. O-O Bb7 12. Ne5 Nbd7 13. Rf3 Rfc8 14. Rh3 Nf8 15. Qe1 b4 16. Na4 Ne4 17. Bxe4 dxe4 18.
Nc5 Rxc5 19. dxc5 Qxc5 20. Rc1 Qb6 21. g4 f6 22. Nc4 Qd8 23. Qxb4 Bd5 24. Qd2 Rc8 25. b3 Qe7 26. Rg3 Nd7 27. Rg2 Rb8 28.
g5 f5 29. Qd4 Bxc4 30. Rxc4 Rd8 31. Rd2 g6 32. Rc7 1-0

[Event "*** SCC Grand Prix: Titled Tuesday Blitz"]
[Site "Chess.com"]
[Date "2020.10.13"]
[Round "3"]
[White "Shubinkirill2003"]
[Black "GOGIEFF"]
[Result "0-1"]
[WhiteElo "2654"]
[BlackElo "2877"]
[TimeControl "180+1"]
[EndTime "10:28:58 PDT"]
[Termination "GOGIEFF won on time"]

1. e4 c5 2. Nf3 d6 3. Bb5+ Bd7 4. a4 Nf6 5. Nc3 Nc6 6. O-O e6 7. d4 cxd4 8. Nxd4 a6 9. Be2 Be7 10. Be3 O-O 11. f3 Rc8 12. Qd2 Qc7 13. Nxc6 Bxc6 14. a5 d5 15. Bb6 Qb8 16. exd5 Nxd5 17. Nxd5 Bxd5 18. Bd3 Qe5 19. Kh1 Bd6 20. f4 Qh5 21. Rae1 g6 22. Be2 Qf5 23. Bd3 Qf6 24. c3 Bc5 25. Bxc5 Rxc5 26. Re5 Rfc8 27. Qe3 h5 28. Kg1 R5c7 29. Qf2 Rd7 30. Re3 Rcd8 31. Rfe1 Bc6 32. Bc4 Rd2 33. R3e2 Rxe2 34. Rxe2 Rd1+ 35. Re1 Rxe1+ 36.
Qxe1 Qxf4 37. Bf1 h4 38. h3 e5 39. Qd1 Qe3+ 40. Kh2 Qg3+ 41. Kg1 Qg5 42. Qd6 Qe3+ 43. Kh2 Kg7 44. Qd1 Qg3+ 45. Kg1 g5 46. b4 Qxc3 0-1

[Event "*** SCC Grand Prix: Titled Tuesday Blitz"]
[Site "Chess.com"]
[Date "2020.10.13"]
[Round "3"]
[White "Loy_Konstantin"]
[Black "SamuelGhimpu2003"]
[Result "0-1"]
[WhiteElo "2353"]
[BlackElo "2563"]
[TimeControl "180+1"]
[EndTime "10:28:59 PDT"]
[Termination "SamuelGhimpu2003 won on time"]

1. e4 e6 2. d3 d5 3. Nd2 Nf6 4. Ngf3 Nc6 5. c3 a5 6. Be2 Bd6 7. O-O O-O 8. Re1 b6 9. Bf1 e5 10. exd5 Nxd5 11. Nc4 Re8 12. a4 Bf5 13. Ne3 Be6 14.
Nxd5 Bxd5 15. c4 Be6 16. Be3 Bb4 17. Bd2 Bxd2 18. Qxd2 Bg4 19. Be2 Qd6 20. h3 Bf5 21.
Rad1 Rad8 22. Qg5 Bg6 23. Bf1 f6 24. Qg3 Qb4 25. Nh4 Kf7 26. Be2 Nd4 27. Bf3 c6 28. Nxg6 hxg6 29. h4 Qxa4 30. h5 g5 31. Be4 Rh8 32.
Bg6+ Kf8 33. Qg4 Qb4 34. Re4 Qxb2 35. Rxd4 Qxd4 36. Qe6 Qd7 0-1

[Event "*** SCC Grand Prix: Titled Tuesday Blitz"]
[Site "Chess.com"]
[Date "2020.10.13"]
[Round "3"]
[White "andresgv36"]
[Black "mfwagnerpeixoto"]
[Result "0-1"]
[WhiteElo "2376"]
[BlackElo "2239"]
[TimeControl "180+1"]
[EndTime "10:28:59 PDT"]
[Termination "mfwagnerpeixoto won on time"]

1. d4 Nf6 2. Bf4 g6 3. Nc3 d5 4. e3 Bg7 5. h4 c6 6. Be2 h5 7.
Nf3 Qb6 8. Rb1 Bg4 9. Ne5 Bxe2 10.
Qxe2 Nbd7 11. b4 a6 12. a3 Rc8 13. Qf3 a5 14. O-O axb4 15. Rxb4 Qa5 16. Rfb1 b5 17. Qh3 Qxa3 18. R4b3 Qa7 19. R1b2 e6 20. Ra2 Qb7 21. Rba3 Nxe5 22. Bxe5 O-O 23. Ra7 Qb6 24.
R2a6 Qd8 25. Rb7 Ra8 26. Rxc6 Ra1+ 27. Kh2 Ng4+ 28. Kg3 Nxe5 29. dxe5 Bxe5+ 30. f4 Bxc3 31. Rxc3 Qf6 32. Rcc7 Ra3 33. Kh2 d4 34. exd4 Rxh3+ 0-1

[Event "*** SCC Grand Prix: Titled Tuesday Blitz"]
[Site "Chess.com"]
[Date "2020.10.13"]
[Round "3"]
[White "tandaleo"]
[Black "salomez"]
[Result "1-0"]
[WhiteElo "2326"]
[BlackElo "2159"]
[TimeControl "180+1"]
[EndTime "10:28:59 PDT"]
[Termination "tandaleo won on time"]

1. d4 Nf6 2. c4 g6 3. Nc3 d5 4.
cxd5 Nxd5 5. Na4 Nf6 6. Nf3 Bg7 7. Bf4 O-O 8. e3 b6 9. h3 Bb7 10. Be2 Nbd7 11. O-O Ne4 12. Rc1 c5 13. dxc5 Ndxc5 14. Nxc5 Nxc5 15. b4 Ne6 16. Bh2 Qxd1 17. Rfxd1 Rfd8 18. b5 Nc5 19. Nd4 Rac8 20. Bg4 e6 21. Nc6 Rxd1+ 22.
Rxd1 Bxc6 23. bxc6 Rxc6 24. Rd8+ Bf8 25. Bf3 Ne4 26. Be5 Rc1+ 27. Kh2 f5 28. Bxe4 fxe4 29. Bd6 Kf7 30. Rxf8+ Kg7 31. Ra8 Rc2 32. Rxa7+ Kf6 33. Kg3 h5 34. h4 e5 35. Bc7 1-0